 Dungeon Crawl Stone Soup version 0.25.0-26-g0c896c7088 (webtiles) character file.

Game seed: 2366080782111926514

6 Exodus22XD the Sneak (level 1, 0/7 HPs)
             Began as a Felid Enchanter on July 4, 2020.
             Slain by a gnoll (4 damage)
             ... on level 1 of the Dungeon.
             The game lasted 00:00:30 (299 turns).

Exodus22XD the Sneak (Felid Enchanter)               Turns: 299, Time: 00:00:31

Health: 0/7        AC:  1    Str:  4    XL:     1   Next: 75%
Magic:  2/4        EV: 18    Int: 16    God:
Gold:   0          SH:  0    Dex: 16    Spells: 3/4 levels left
                                        Lives:  0   Deaths: 0

rFire    . . .     SeeInvis +     - Unarmed
rCold    . . .     Gourm    .   (shield unavailable)
rNeg     . . .     Faith    .   (armour unavailable)
rPois    .         Spirit   .   (helmet unavailable)
rElec    .         Reflect  .   (cloak unavailable)
rCorr    .         Harm     .   (gloves unavailable)
MR       .....                  (boots unavailable)
Stlth    +++.......             (no amulet)
HPRegen  0.02/turn              (no ring)
MPRegen  0.09/turn              (no ring)

@: very slightly contaminated, quick
A: very small, no armour, no weapons or thrown items, stealth, claws 1, fangs 3,
see invisible, carnivore, speed 1, shaggy fur 1, slow metabolism 1, sharp paws
a: no special abilities


You were on level 1 of the Dungeon.
You were not hungry.

You visited 1 branch of the dungeon, and saw 1 of its levels.

Inventory:

Scrolls
 a - 2 scrolls of magic mapping {unknown}
 c - a scroll of teleportation {unknown}
Comestibles
 b - 2 rations


   Skills:
 - Level 2.6 Dodging
 + Level 4.7 Stealth
 - Level 1.0 Unarmed Combat
 - Level 2.0 Spellcasting
 - Level 4.4 Hexes


You had 3 spell levels left.
You knew the following spells:

 Your Spells              Type           Power        Failure   Level  Hunger
a - Corona                Hex            ###....      3%          1    #......

Your spell library contained the following spells:

 Spells                   Type           Power        Failure   Level  Hunger
 Confusing Touch          Hex            ###.....     11%         3    ###....
 Tukima's Dance           Hex            ###.....     11%         3    ###....
 Ensorcelled Hibernation  Hex/Ice        #.....       13%         2    ###....
 Dazzling Flash           Conj/Hex       #.....       26%         3    ###....


Dungeon Overview and Level Annotations

Branches:
Dungeon (1/15)

Altars:


Innate Abilities, Weirdness & Mutations

You cannot wear armour.
You are incapable of wielding weapons or throwing items.
Your paws allow you to move quietly. (Stealth)
You have sharp claws.
You have razor-sharp teeth.
You have supernaturally acute eyesight. (SInv)
You are carnivorous and can eat meat at any time.
You cover ground quickly.
You are covered in fur. (AC +1)
You have a slow metabolism.
Your sharp claws are effective at attacking unaware monsters.


Message History

You miscast Corona.
You are very lightly contaminated with residual magic.
Nothing appears to happen.
Casting: Corona (safe; 3% risk of failure)
Confirm with . or Enter, or press ? or * to list all spells.
Aiming: Corona (safe; 3% risk of failure)
Press: ? - help, Shift-Dir - straight line, f/p - gnoll
Aim: a gnoll (chance to defeat MR: 61%)
The gnoll is outlined in light.
The gnoll closely misses you.
You scratch the gnoll.
The gnoll is moderately wounded.
The gnoll completely misses you.
You scratch the gnoll.
The gnoll is moderately wounded.
The gnoll closely misses you.
You scratch the gnoll but do no damage.
The gnoll is moderately wounded.
The gnoll hits you.
Ouch! That really hurt!
You die...

###.##............#
#...##.#.##..####.## .#
#.#..#.#.##..##....g #...
#...##.#........#.## #...#
#....รท..###..####.# #...#
#..###..###..####.# #...#
#.................#
##...#######.)g....##.....####
###.........##..@....##.....#
..##........................#
##.##.......##.......##.....#
##.#..#######(......##...[.#
#.##.#######(.....#########
##.#......##......##########
#.#.#.##.##.##.#.#........####
#...#.##.##.##.#.#..##......g.
#.#...##.##.##..$......#..####


You could see a gnoll (corona).

Vanquished Creatures
  A leopard gecko (D:1)
  A giant cockroach (D:1)
  A goblin (D:1)
  A hobgoblin (D:1)
4 creatures vanquished.

Notes
Turn   | Place    | Note
-------+----------+-------------------------------------------
     0 | D:1      | Exodus22XD the Felid Enchanter began the quest for the Orb.
     0 | D:1      | Reached XP level 1. HP: 7/7 MP: 4/4
   299 | D:1      | Slain by a gnoll

Illustrated notes

Levels and vault maps discovered:
D:1:      dpeg_arrival_another_circle, layout_loops_cross, serial_glass,
          glass_columns_b, glass_columns_a

Action                   || total
-------------------------++-------
Melee: Unarmed           ||    16
 Cast: Corona            ||     3
 Stab: Sleeping          ||     1
  Eat: Chunk             ||     1
Armor: Skin              ||     1
Dodge: Dodged            ||    12
